 Seeded DCSS version 0.30.1-9-gdf580d7c3d (webtiles) character file.

Game seed: 7229806256980976716 (custom seed)

9909 Psyclone the Slicer (level 11, -4/75 HPs)
             Began as an Octopode Venom Mage on Sept 30, 2023.
             Slain by a two-headed ogre
             ... wielding a +0 giant club
              (29 damage)
             ... on level 10 of the Dungeon.
             The game lasted 00:22:19 (8694 turns).

Psyclone the Slicer (Octopode Venom Mage)           Turns: 8694, Time: 00:22:20

Health: -4/75      AC:  1    Str:  7    XL:     11   Next: 53%
Magic:  25/32      EV: 15    Int: 30    God:
Gold:   281        SH:  0    Dex:  9    Spells: 13/26 levels left

rFire   . . .        c - +12 pair of quick blades "Gyre" and "Gimble" {protect}
rCold   + + .        (shield currently unavailable)
rNeg    + . .        (helmet restricted)
rPois   +            (no amulet)
rElec   .            d - ring of the Mage {Wiz Archmagi}
rCorr   +            e - ring "Yjoxom" {Contam rPois rC++ MP+9 Int+8 Dex-4}
SInv    .            I - ring of positive energy
Will    .....        J - ring of resist corrosion
Stlth   +++          (no ring)
HPRegen 0.32/turn    (no ring)
MPRegen 0.23/turn    (no ring)
                     (no ring)

%: wizardry (x1), archmagi
@: radiating poison
A: almost no armour, amphibious, 8 rings, camouflage 1, gelatinous body 1,
(nimble swimmer 1), tentacles
a: no special abilities


You were on level 10 of the Dungeon.
You visited 1 branch of the dungeon, and saw 10 of its levels.
You also visited: Ossuary and Bailey.

You collected 619 gold pieces.
You spent 338 gold pieces at shops.

Inventory:

Hand Weapons
 c - the +12 pair of quick blades "Gyre" and "Gimble" (weapon) {protect}
   (You acquired it on level 1 of the Dungeon)
Missiles
 j - 2 throwing nets {!f}
Magical Staves
 Q - a staff of fire
Jewellery
 d - the ring of the Mage (left tentacle) {Wiz Archmagi}
   (You acquired it on level 1 of the Dungeon)

   [ring of wizardry]

   It improves your spell success rate.
   Archmagi:  It increases the power of your magical spells.
 e - the ring "Yjoxom" (right tentacle) {Contam rPois rC++ MP+9 Int+8 Dex-4}
   (You acquired it on level 1 of the Dungeon)

   [ring of magical power]

   Int:       It affects your intelligence (+8).
   Dex:       It affects your dexterity (-4).
   rC:        It greatly protects you from cold.
   rPois:     It protects you from poison.
   MP:        It affects your magic capacity (+9).
   Contam:    It causes magical contamination when unequipped.
 I - a ring of positive energy (on tentacle)
 J - a ring of resist corrosion (on tentacle)
Wands
 N - a wand of charming (20)
 P - a wand of digging (3)
Scrolls
 b - 3 scrolls of amnesia {unknown}
 f - a scroll of teleportation {unknown}
 g - 2 scrolls of enchant armour {unknown}
 i - a scroll of blinking
 k - 11 scrolls of identify {unknown}
 o - 7 scrolls of vulnerability {unknown}
 p - a scroll of fog {unknown}
 r - a scroll of butterflies {unknown}
 t - 3 scrolls of silence {unknown}
 v - 3 scrolls of magic mapping {unknown}
 x - 3 scrolls of poison {unknown}
 y - 3 scrolls of brand weapon {unknown}
 E - 2 scrolls of torment {unknown}
 G - 5 scrolls of immolation {unknown}
 H - 3 scrolls of enchant weapon {unknown}
 K - a scroll of fear {unknown}
 O - a scroll of noise {unknown}
Potions
 a - 2 potions of magic
 h - 4 potions of mutation {unknown}
 l - 5 potions of might {unknown}
 m - 2 potions of invisibility {unknown}
 n - 10 potions of curing {unknown}
 q - 4 potions of attraction {unknown}
 s - a potion of berserk rage {unknown}
 u - a potion of ambrosia {unknown}
 w - a potion of degeneration {unknown}
 z - 3 potions of brilliance {unknown}
 A - 2 potions of cancellation {unknown}
 B - 4 potions of flight {unknown}
 C - 3 potions of lignification {unknown}
 D - 5 potions of heal wounds {unknown}
 F - 2 potions of haste {unknown}
 L - a potion of resistance {unknown}
 M - a potion of experience


   Skills:
 + Level 7.3 Fighting
 - Level 8.0 Short Blades
 - Level 8.0 Dodging
 - Level 2.6 Stealth
 - Level 8.0 Spellcasting
 - Level 1.0 Transmutations
 - Level 6.0 Air Magic
 - Level 8.0 Poison Magic


You had 13 spell levels left.
You knew the following spells:

 Your Spells              Type           Power      Damage    Failure   Level
a - Sting                 Tmut/Pois      100%       1d8       1%          1
d - Mephitic Cloud        Conj/Pois/Air  56%        N/A       1%          3
s - Ignite Poison         Fire/Tmut/Pois 45%        N/A       1%          3
v - Poisonous Vapours     Pois/Air       100%       N/A       1%          2
x - Olgreb's Toxic Radia  Pois           74%        N/A       1%          4

Your spell library contained the following spells:

 Spells                   Type           Power      Damage    Failure   Level
 Kiss of Death            Conj/Necr      72%        2d10      1%          1
 Cigotuvi's Dreadful Rot  Necr/Pois/Air  100%       N/A       1%          2
 Confusing Touch          Hex            18%        N/A       5%          3
 Petrify                  Tmut/Erth      22%        N/A       14%         4
 Dispel Undead            Necr           18%        3d11      16%         4
 Freezing Cloud           Conj/Ice/Air   18%        6-21      21%         5
 Metabolic Englaciation   Hex/Ice        9%         N/A       41%         5
 Statue Form              Tmut/Erth      14%        N/A       88%         6
 Death Channel            Necr           9%         N/A       92%         6


Dungeon Overview and Level Annotations

Branches:
Dungeon (10/15) Zot: 26823  Temple (0/1) D:4         Ossuary (visited)
 Bailey (visited)
   Lair: D:8-11         Orc: D:9-12

Altars:
Elyvilon
Gozag
Qazlal
Trog
Zin
The Shining One

Shops:
D:6 :   D:10 :


Innate Abilities, Weirdness & Mutations

You cannot wear most types of armour.
You are amphibious.
You can wear up to eight rings at the same time.
Your skin changes colour to match your surroundings (Stealth+).
Your rubbery body absorbs attacks. (AC +1, EV +1)
((You are camouflaged when in or above water. (Stealth+)))
You have tentacles for arms and can constrict up to eight enemies at once.


Message History

You see here a staff of fire.
Q - a staff of fire
Found a dagger.
Found a stone staircase leading up.
A two-headed ogre comes into view. It is wielding two +0 giant clubs.
Found an opulent altar of Gozag.
The two-headed ogre shouts in stereo!
You hear a bellow! x3
A yak comes into view.
The two-headed ogre moves out of view.
A yak comes into view.
A yak comes into view.
Found 16 gold pieces and a scroll labelled ISYPAI JAGUE.
A yak comes into view.
Casting: Olgreb's Toxic Radiance (mildly dangerous; 1% risk of failure)
Confirm with . or Enter, or press ? or * to list all spells.
You feel a surge of power!
You begin to radiate toxic energy.
The yak bellows!
The yak is poisoned. x4; The two-headed ogre is poisoned.
The yak looks even sicker.
The two-headed ogre looks even sicker.
The two-headed ogre hits you with a +0 giant club!! x2
A yak comes into view.
The yak bellows!
You take 51 damage, and have 24/75 hp.
MASSIVE DAMAGE!!
You now have 28/32 mp.
Casting: Olgreb's Toxic Radiance (mildly dangerous; 1% risk of failure)
Confirm with . or Enter, or press ? or * to list all spells.
You feel a surge of power!
You ignite the poison in your surroundings!
The two-headed ogre seems to burn from within!!!
The two-headed ogre is almost dead.
The yak seems to burn from within!
The yak is severely wounded.
The yak seems to burn from within!!
The yak is severely wounded.
The yak seems to burn from within!!
The yak is severely wounded.
The yak seems to burn from within!!
The yak is almost dead.
The yak is poisoned. x5; The two-headed ogre is poisoned.
The two-headed ogre hits you with a +0 giant club!!
You die...

.Y? #Y# .Y.
#.# # #. ._..#
#.###Y#.#
#.#$.OY.#
#.###@####
#####........#
.....).......#
######..######
#<.....#
######.# #.#
#.#### #....#


You could see a two-headed ogre (poisoned) and 5 yaks.

Vanquished Creatures
  An orc warlord (Bailey)
  A two-headed ogre (D:9)
  An orc knight (Bailey)
  A gargoyle (D:10)
  A shadow (D:9)
  5 yaks (D:9)
  A wyvern (D:8)
  2 water moccasins (D:8)
  18 orc warriors
  3 black bears
  2 hornet zombies (Ossuary)
  2 ice beasts
  A sky beast (D:6)
  The ghost of lsdroyale the Magician, an amateur TrHW (D:3)
  An ogre (D:7)
  3 centaurs
  A kobold brigand (D:8)
  4 bullfrogs
  A gnoll sergeant (D:7)
  5 scorpions
  3 wyvern zombies
  2 water moccasin zombies (Ossuary)
  7 wights
  11 killer bees (D:9)
  A howler monkey (D:6)
  5 electric eels (D:6)
  2 centaur zombies (Ossuary)
  3 bullfrog zombies (Ossuary)
  A gnoll bouda (D:6)
  2 jellies
  8 orc priests
  2 hounds
  2 bullfrog skeletons (D:3)
  An iguana (D:6)
  2 sleepcaps
  6 orc wizards
  3 killer bee zombies (Ossuary)
  16 mummies
  2 howler monkey zombies (Ossuary)
  A howler monkey skeleton (D:3)
  9 adders
  14 gnolls
  2 shadow imps
  2 white imps (D:8)
  2 ufetubi
  3 worms
  39 orcs
  4 endoplasms
  6 giant cockroaches
  16 goblins
  15 hobgoblins
  20 jackals
  5 kobolds
  4 quokkas
  6 ball pythons
  5 bats
  A frilled lizard (D:1)
  A goblin zombie (D:4)
  An orc zombie (D:4)
  4 rats
294 creatures vanquished.

Notes
Turn   | Place    | Note
-------+----------+-------------------------------------------
     0 | D:1      | Psyclone the Octopode Venom Mage began the quest for the
                  | Orb.
     0 | D:1      | Reached XP level 1. HP: 11/11 MP: 3/3
    80 | D:1      | Identified 3 scrolls of acquirement
    80 | D:1      | Acquired the ring of the Mage {Wiz Archmagi}
    80 | D:1      | Found the ring of the Mage {Wiz Archmagi}
    86 | D:1      | Acquired the ring "Yjoxom" {Contam rPois rC++ MP+9 Int+8
                  | Dex-4}
   187 | D:1      | Acquired the +12 pair of quick blades "Gyre" and "Gimble"
                  | {protect}
   187 | D:1      | Found the +12 pair of quick blades "Gyre" and "Gimble"
                  | {protect}
   285 | D:1      | Reached skill level 1 in Short Blades
   305 | D:1      | Reached XP level 2. HP: 9/17 MP: 5/5
   747 | D:1      | Reached XP level 3. HP: 17/21 MP: 6/6
  1034 | D:2      | You fall into a shaft and drop 2 floors!
  1034 | D:4      | Found a staircase to the Ecumenical Temple.
  1057 | D:3      | Found a glowing silver altar of Zin.
  1164 | D:4      | Reached XP level 4. HP: 27/27 MP: 7/7
  1169 | D:4      | Found a sand-covered staircase.
  1175 | Ossuary  | Entered an ossuary
  1201 | Ossuary  | Reached XP level 5. HP: 31/31 MP: 8/8
  1242 | Ossuary  | Reached skill level 5 in Short Blades
  1253 | Ossuary  | Reached XP level 6. HP: 31/36 MP: 9/9
  1322 | Ossuary  | Reached XP level 7. HP: 35/41 MP: 10/10
  1420 | Ossuary  | Reached XP level 8. HP: 42/46 MP: 11/11
  1568 | D:3      | Found a runed translucent gate.
  1568 | D:3      | Found a runed translucent gate.
  1569 | D:3      | Found a runed translucent gate.
  1581 | D:3      | Noticed lsdroyale's ghost (amateur TrHW)
  1594 | D:3      | Reached skill level 5 in Dodging
  1603 | D:3      | Killed lsdroyale's ghost
  2643 | D:4      | Found a white marble altar of Elyvilon.
  2877 | D:4      | Found a glowing golden altar of the Shining One.
  3035 | D:4      | Found a stormy altar of Qazlal.
  3240 | D:5      | Entered Level 5 of the Dungeon
  3762 | D:6      | Learned a level 2 spell: Poisonous Vapours
  3767 | D:6      | Learned a level 4 spell: Olgreb's Toxic Radiance
  3864 | D:6      | Reached XP level 9. HP: 51/51 MP: 12/12
  3937 | D:6      | Reached skill level 5 in Poison Magic
  4303 | D:6      | Found Xixtot's Book Boutique.
  5339 | D:7      | Reached skill level 5 in Spellcasting
  5344 | D:7      | Reached XP level 10. HP: 54/56 MP: 17/17
  5579 | D:7      | Found a flagged portal.
  5739 | Bailey   | Entered a bailey
  5757 | Bailey   | Reached skill level 1 in Fighting
  5765 | Bailey   | Learned a level 3 spell: Mephitic Cloud
  5774 | Bailey   | Reached skill level 1 in Air Magic
  6068 | Bailey   | Noticed an orc warlord
  6069 | Bailey   | Noticed an orc knight
  6118 | Bailey   | Killed an orc warlord
  6150 | Bailey   | Killed an orc knight
  6373 | D:7      | Identified the +8 trident "Idaugra" {freeze, Stlth+}
  6672 | D:8      | Reached XP level 11. HP: 60/68 MP: 21/21
  7875 | D:9      | Noticed a two-headed ogre
  7893 | D:9      | Killed a two-headed ogre
  7894 | D:9      | Reached skill level 5 in Fighting
  8294 | D:9      | Found a bloodstained altar of Trog.
  8367 | D:9      | Identified the +7 battleaxe of Sustre {heavy, Str+5}
  8513 | D:10     | Entered Level 10 of the Dungeon
  8514 | D:10     | Found Ycypaut's Book Shoppe.
  8548 | D:10     | Bought a Trismegistus Codex for 338 gold pieces
  8552 | D:10     | Learned a level 3 spell: Ignite Poison
  8690 | D:10     | Found an opulent altar of Gozag.
  8690 | D:10     | Noticed a two-headed ogre
  8694 | D:10     | Slain by a two-headed ogre

Illustrated notes

Levels and vault maps discovered:
D:1:      spicycebolla_arrival_ecumenical, layout_loops_ring
D:2:      layout_basic
D:3:      layout_rooms, mainiacjoe_overflow_paths, gammafunk_ghost_necromancy
D:4:      layout_rooms, tso_metal_star, mainiacjoe_overflow_catwalk,
          elyvilon_altar_5, minmay_temple_entry_stoned_glass,
          nicolae_ossuary_entry_giza, minmay_misc_feat_square, minivault_4
D:5:      layout_basic
D:6:      kennysheep_six_static_rooms, layout_basic, serial_shops,
          nicolae_shop_stone, serial_bayou_lagoon_b
D:7:      layout_basic, enter_bailey_2
D:8:      minmay_recursive_quarters, layout_layer_cave
D:9:      layout_gridville, trog_book
D:10:     kb_forest_paths, layout_basic,
          nicolae_gozag_cash_rules_everything_around_me, serial_shops, shop,
          minmay_tree_intersection, kennysheep_path_1

Skill      XL: |  1  2  3  4  5  6  7  8  9 10 11 |
---------------+----------------------------------+-----
Short Blades   | 1 2 3 4 5 6 8 |  8.0
Dodging        | 4 7 8 |  8.0
Poison Magic   | 8 |  8.0
Spellcasting   | 5 7 8 |  8.0
Fighting       | 3 7 |  7.3
Air Magic      | 6 |  6.0
Stealth        | |  2.6
Transmutations | |  1.0

Action                     |  1- 3 |  4- 6 |  7- 9 | 10-12 || total
---------------------------+-------+-------+-------+-------++-------
  Melee: Pair of quick bla |    41 |    43 |   211 |   165 ||   460
         Constrict         |     7 |    14 |    48 |    31 ||   100
         Tentacles         |     3 |    11 |    51 |    40 ||   105
         Punch             |       |     1 |     1 |     3 ||     5
   Cast: Olgreb's Toxic Ra |       |       |     3 |    21 ||    24
         Poisonous Vapours |       |       |    12 |     4 ||    16
         Mephitic Cloud    |       |       |       |     2 ||     2
         Ignite Poison     |       |       |       |     1 ||     1
    Use: Scroll            |     3 |       |       |     1 ||     4
   Stab: Sleeping          |     6 |       |    13 |     4 ||    23
         Distracted        |       |       |     2 |       ||     2
 Armour: Skin              |     5 |     4 |    22 |    17 ||    48
  Dodge: Dodged            |    13 |     8 |    60 |    61 ||   142
